 Dungeon Crawl Stone Soup version 0.31.0-9-g3a7656b989 (webtiles) character file.

Game seed: 6659178071671841024

93 qw the Shooter (level 4, 0/22 HPs)
             Began as a Spriggan Hunter on Feb 2, 2024.
             Slain by an iguana (1 damage)
             ... on level 3 of the Dungeon.
             The game lasted 00:00:04 (1523 turns).

qw the Shooter (Spriggan Hunter)                    Turns: 1523, Time: 00:00:04

Health: 0/22       AC:  2    Str:  7    XL:     4   Next: 37%
Magic:  5/5        EV: 19    Int: 10    God:
Gold:   129        SH:  0    Dex: 20    Spells: 3/3 levels left

rFire   . . .        e - +0 arbalest
rCold   . . .        (shield currently unavailable)
rNeg    . . .        c - +0 robe
rPois   .            (helmet restricted)
rElec   .            (no cloak)
rCorr   .            (gloves unavailable)
SInv    +            (boots unavailable)
Will    .....        (no amulet)
Stlth   ++           (no ring)
HPRegen 0.23/turn    (no ring)
MPRegen 0.09/turn

%: no passive effects
@: very quick
A: very small, no large weapons, unfitting armour, see invisible, speed 3
a: no special abilities


You were on level 3 of the Dungeon.
You visited 1 branch of the dungeon, and saw 3 of its levels.

You collected 129 gold pieces.


Innate Abilities, Weirdness & Mutations

You are very small and have problems with some larger weapons.
You are too small for most types of armour.
You have supernaturally acute eyesight. (SInv)
You cover ground extremely quickly. (Speed+++)


   Skills:
 - Level 1.5 Fighting
 - Level 5.1 Ranged Weapons
 + Level 4.5 Dodging
 - Level 1.5 Stealth


You had 3 spell levels left.
You didn't know any spells.
Your spell library was empty.

Inventory:

Hand Weapons
 e - a +0 arbalest (weapon)
Armour
 c - a +0 robe (worn)
Scrolls
 d - 2 scrolls of identify
Potions
 a - a potion of attraction {unknown}
 b - a potion of enlightenment {unknown}

Dungeon Overview and Level Annotations

Branches:
Dungeon (3/15)

Altars:
Sif Muna


Message History

You shoot a bolt. The bolt hits the frilled lizard.
You kill the frilled lizard!
You start resting.
HP restored.
You see here a frilled lizard corpse.
d - 2 scrolls of identify (gained 1)
Found a robe.
An iguana and 2 jackals come into view.
The iguana hisses angrily.
You shoot a bolt. The bolt hits the jackal!
You kill the jackal!
You shoot a bolt. The bolt closely misses the iguana.
You shoot a bolt. The bolt closely misses the iguana.
The iguana misses you.
You shoot a bolt. The bolt hits the iguana!
The iguana is severely wounded.
The iguana misses you. The iguana closely misses you.
You shoot a bolt. The bolt closely misses the iguana.
The jackal bites you.
The iguana bites you but does no damage.
The jackal misses you.
You shoot a bolt. The bolt hits the iguana.
The iguana is severely wounded.
The jackal completely misses you. The iguana misses you.
The jackal barely misses you. The iguana misses you.
You shoot a bolt. The bolt closely misses the iguana.
The jackal barely misses you. The iguana misses you.
The jackal closely misses you. The iguana bites you!
Ouch! That really hurt!
The jackal completely misses you.
You shoot a bolt. The bolt barely misses the iguana.
The jackal bites you. The iguana misses you. The jackal barely misses you.
You shoot a bolt. The bolt hits the iguana.
The iguana is almost dead.
The jackal completely misses you. The iguana completely misses you.
The jackal barely misses you. The iguana misses you.
You shoot a bolt. The bolt barely misses the iguana.
The jackal barely misses you. The iguana bites you! The jackal misses you.
The iguana bites you.
You die...

#.. #.# #.# ### #.#
##.## #.# #...## #.#
.....###########.#
#...#............#
##.##.##########@#
#.##.# #....l.h..%...
##.##.#####.####.#######
.......... #.#
.......... ..#
.####.#### ### ## #.# #


You could see an iguana and a jackal.

Vanquished Creatures
  An orc priest (D:3)
  A gnoll (D:1)
  2 adders
  3 orcs (D:3)
  5 bats
  2 endoplasms (D:3)
  A giant cockroach (D:3)
  6 goblins
  A hobgoblin (D:2)
  A jackal (D:3)
  A quokka (D:1)
  2 ball pythons
  2 frilled lizards
  2 kobolds (D:1)
  2 rats (D:2)
32 creatures vanquished.

Notes
Turn   | Place    | Note
-------+----------+-------------------------------------------
     0 | D:1      | qw the Spriggan Hunter began the quest for the Orb.
     0 | D:1      | Reached XP level 1. HP: 10/10 MP: 2/2
     0 | D:1      | 0 ||| qw: Version: 0.3-a-155-g5e7d8dd
     0 | D:1      | 0 ||| qw: Game counter: 1112
     0 | D:1      | 0 ||| qw: Melee chars always use a shield: true
     0 | D:1      | 0 ||| qw: God list: Okawaru
     0 | D:1      | 0 ||| qw: Allow faded altars: false
     0 | D:1      | 0 ||| qw: Do Orc after clearing Dungeon:15 true
     0 | D:1      | 0 ||| qw: Do second Lair branch before Depths: true
     0 | D:1      | 0 ||| qw: Lair rune preference: random
     0 | D:1      | 0 ||| qw: Goals: Normal
     0 | D:1      | 0 ||| PLANNING D:1-11
    52 | D:1      | Reached skill level 3 in Dodging
   188 | D:1      | Reached XP level 2. HP: 14/14 MP: 3/3
   505 | D:1      | Found a faded altar of an unknown god.
   705 | D:1      | 705 ||| READING scroll labelled WEOC WAWOALAE.
   705 | D:1      | 705 ||| ENCHANTING +0 shortbow.
   706 | D:1      | 706 ||| DROPPING scroll of butterflies.
   736 | D:2      | Identified the +6 quarterstaff "Tefian Vota" {pain, Will+}
   830 | D:2      | 830 ||| SWAPPING to +0 arbalest.
   831 | D:2      | 831 ||| DROPPING +0 shortbow.
   966 | D:2      | Found a shimmering blue altar of Sif Muna.
  1013 | D:2      | Reached XP level 3. HP: 18/18 MP: 4/4
  1073 | D:2      | 1073 ||| READING 2 scrolls labelled WOPPEM UHATS.
  1073 | D:2      | 1073 ||| IDENTIFYING bubbling brown potion
  1074 | D:2      | 1074 ||| READING scroll of identify.
  1074 | D:2      | 1074 ||| IDENTIFYING scroll labelled QIEDOH FAINLIJ
  1075 | D:2      | 1075 ||| DROPPING potion of invisibility.
  1076 | D:2      | 1076 ||| DROPPING scroll of immolation.
  1330 | D:3      | Reached skill level 5 in Ranged Weapons
  1330 | D:3      | Reached XP level 4. HP: 22/22 MP: 5/5
  1523 | D:3      | HP: 1/22 [iguana (9)]
  1523 | D:3      | Slain by an iguana

Levels and vault maps discovered:
D:1:      onia_arrival_pentagram, layout_basic,
          dreamdust_ecumenical_altar_hidden_monk_grotto, nrook_mini_backslash
D:2:      layout_rooms, basic_altar, kennysheep_generic_room_4
D:3:      layout_loops_ring, kennysheep_generic_room_16

Skill      XL: |  1  2  3 |
---------------+----------+-----
Dodging        | 4 |  4.5
Ranged Weapons | 5 |  5.1
Fighting       | |  1.5
Stealth        | |  1.5

Action                     |  1- 3 |  4- 6 || total
---------------------------+-------+-------++-------
   Fire: Shortbow          |    36 |       ||    36
         Arbalest          |    21 |    26 ||    47
    Use: Scroll            |     3 |       ||     3
 Armour: Robe              |     3 |     7 ||    10
  Dodge: Dodged            |    11 |    26 ||    37

Table legend:
 A = Non-vault XP
 B = Vault XP
 C = Vault XP percentage of total XP
 D = Non-vault monster count
 E = Vault monster count
 F = Vault count percentage of total count
                 A         B        C        D         E       F
            +---------+---------+-------+---------+---------+-------
      Total |     128 |       6 |   4.5 |      28 |       4 |  12.5
            +---------+---------+-------+---------+---------+-------
        D:1 |      28 |       0 |   0.0 |       8 |       0 |   0.0
        D:2 |      20 |       2 |   9.1 |       6 |       2 |  25.0
        D:3 |      80 |       4 |   4.8 |      14 |       2 |  12.5
            +---------+---------+-------+---------+---------+-------
